 Seeded DCSS version 0.30.1-6-gbe392663c4 (webtiles) character file.

Game seed: 6351066067085065685 (custom seed)

51 Esekla the Magician (level 3, -3/19 HPs)
             Began as a Deep Elf Wanderer on Sept 21, 2023.
             Slain by an iguana (11 damage)
             ... on level 2 of the Dungeon.
             The game lasted 00:10:23 (1490 turns).

Esekla the Magician (Deep Elf Wanderer)             Turns: 1490, Time: 00:10:24

Health: -3/19      AC:  4    Str: 11    XL:     3   Next: 57%
Magic:  0/11       EV: 11    Int: 19    God:
Gold:   171        SH:  3    Dex: 11    Spells: 2/12 levels left

rFire   . . .        a - +1 short sword (freeze)
rCold   . . .        d - +0 buckler
rNeg    . . .        c - +0 robe
rPois   .            l - +0 helmet
rElec   .            (no cloak)
rCorr   .            k - +0 pair of gloves
SInv    .            (no boots)
Will    .....        (no amulet)
Stlth   ++           (no ring)
HPRegen 0.23/turn    (no ring)
MPRegen 0.12/turn

%: no passive effects
@: very slightly contaminated
A: no striking features
a: no special abilities


You were on level 2 of the Dungeon.
You visited 1 branch of the dungeon, and saw 4 of its levels.

You collected 171 gold pieces.

Inventory:

Hand Weapons
 a - a +1 short sword of freezing (weapon)
Armour
 c - a +0 robe (worn)
 d - a +0 buckler (worn)
 k - a +0 pair of gloves (worn)
 l - a +0 helmet (worn)
Scrolls
 g - 3 scrolls of identify {unknown}
 n - 2 scrolls of enchant weapon {unknown}
 o - a scroll of amnesia {unknown}
 p - a scroll of enchant armour {unknown}
 r - a scroll of fog {unknown}
Potions
 b - a potion of lignification
 e - a potion of ambrosia {unknown}
 f - 2 potions of attraction {unknown}
 h - a potion of heal wounds {unknown}
 i - 2 potions of curing {unknown}
 j - a potion of haste {unknown}
 m - a potion of mutation {unknown}
 q - 2 potions of brilliance {unknown}


   Skills:
 + Level 0.2 Short Blades
 * Level 0.6 Dodging
 + Level 1.2 Stealth
 + Level 1.5 Shields
 * Level 5.3 Spellcasting
 + Level 0.5 Conjurations
 * Level 1.1 Necromancy
 + Level 3.0 Translocations
 + Level 1.0 Invocations


You had 2 spell levels left.
You knew the following spells:

 Your Spells              Type           Power      Damage    Failure   Level
a - Magic Dart            Conj           28%        1d4       14%         1
b - Blink                 Tloc           32%        N/A       8%          2
d - Vampiric Draining     Necr           9%         2d6       32%         3
n - Ignite Poison         Fire/Tmut/Pois 5%         N/A       45%         3
p - Apportation           Tloc           32%        N/A       4%          1

Your spell library contained the following spells:

 Spells                   Type           Power      Damage    Failure   Level
 Lesser Beckoning         Tloc           32%        N/A       8%          2
 Gell's Gravitas          Tloc           16%        N/A       16%         3
 Teleport Other           Tloc           16%        N/A       16%         3


Dungeon Overview and Level Annotations

Branches:
Dungeon (4/15)
 Temple: D:4-7

Altars:
Okawaru
Vehumet
Zin

Shops:
D:2 =   D:4 (


Message History

You now have 171 gold pieces (gained 7).
There is a stone staircase leading down here.
You climb downwards.
There is a stone staircase leading up here.
An iguana comes into view.
The iguana hisses angrily.
Casting: Magic Dart (safe; 14% risk of failure)
Confirm with . or Enter, or press ? or * to list all spells.
Aiming: Magic Dart (safe; 14% risk of failure)
Press: ? - help, Shift-Dir - straight line, f - iguana
Aim: an iguana (100% to hit)
The magic dart hits the iguana.
The iguana is lightly wounded.
Casting: Magic Dart (safe; 14% risk of failure)
Confirm with . or Enter, or press ? or * to list all spells.
Aiming: Magic Dart (safe; 14% risk of failure)
Press: ? - help, Shift-Dir - straight line, f/p - iguana
Aim: an iguana (lightly wounded, 100% to hit)
You miscast Magic Dart.
You are very lightly contaminated with residual magic.
Nothing appears to happen.
You hit the iguana but do no damage.
The iguana is lightly wounded.
The iguana barely misses you.
You hit the iguana.
The iguana seems to slow down.
You freeze the iguana.
The iguana is moderately wounded.
The iguana bites you!
Ouch! That really hurt!
Casting: Magic Dart (safe; 14% risk of failure)
Confirm with . or Enter, or press ? or * to list all spells.
The spell is astonishingly dangerous to miscast (32% risk of failure)!
Continue anyway?
Aiming: Vampiric Draining (astonishingly dangerous; 32% risk of failure)
Press: ? - help, Shift-Dir - straight line, f/p - iguana
Aim: an iguana (moderately wounded, slow)
You draw life force from the iguana.
You feel life coursing into your body.
You hit the iguana but do no damage.
The iguana is heavily wounded.
The iguana bites you!
Ouch! That really hurt!
You die...

#..#####.### #
#<.........# #
#........).# ##########
#.######.#.####.........
#...............########
########.#.#### #.#.#
########## #8.#####.#.#
#........# +.....l@.#.#
#.######.# #8.#.#####.#
#.# #.# #.# #.# #.#
#.####.### #.#
#.##.....####.#
#.##.......##.#
#..........##.#
#.##.......##.#
#.##.....)###..


You could see an iguana (slow).

Vanquished Creatures
  2 adders
  A dart slug (D:1)
  5 ball pythons (D:1)
  4 endoplasms
  4 goblins
  2 hobgoblins
  A quokka (D:1)
  4 bats
  2 frilled lizards (D:1)
  3 kobolds
  A rat (D:2)
29 creatures vanquished.

Notes
Turn   | Place    | Note
-------+----------+-------------------------------------------
     0 | D:1      | Esekla the Deep Elf Wanderer began the quest for the Orb.
     0 | D:1      | Esekla set off with the following items: a +0 club, a
                  | potion of lignification, a +0 robe, a +0 buckler; and the
                  | following spells available to memorise: Apportation, Blink,
                  | Lesser Beckoning, Magic Dart, Ignite Poison, Vampiric
                  | Draining.
     0 | D:1      | Reached XP level 1. HP: 10/10 MP: 7/7
    30 | D:1      | Learned a level 1 spell: Magic Dart
    39 | D:1      | Learned a level 1 spell: Apportation
   204 | D:2      | Found Renulab's Jewellery Shop.
   406 | D:4      | Found a radiant altar of Vehumet.
   417 | D:4      | Found an iron altar of Okawaru.
   428 | D:4      | Found a glowing silver altar of Zin.
   474 | D:4      | Reached skill level 5 in Spellcasting
   474 | D:4      | Reached XP level 2. HP: 12/15 MP: 7/10
   478 | D:4      | Learned a level 2 spell: Blink
   551 | D:4      | Found Ponaysk's Antique Weapon Boutique.
  1058 | D:2      | Noticed a black bear
  1088 | D:1      | Reached XP level 3. HP: 19/19 MP: 11/11
  1094 | D:1      | Learned a level 3 spell: Ignite Poison
  1098 | D:1      | Learned a level 3 spell: Vampiric Draining
  1107 | D:1      | Reached skill level 1 in Necromancy
  1490 | D:2      | Slain by an iguana

Illustrated notes

Levels and vault maps discovered:
D:1:      sevenhm_arrival_forest_fort_small_3, layout_rooms,
          chequers_serial_rivers_room_b, minmay_misc_feat_five
D:2:      layout_loops_ring, dreamdust_ecumenical_altar_angels_and_demons,
          serial_shops, shop
D:3:      layout_basic, grunt_temple_overflow_open, minmay_misc_feat_iff
D:4:      layout_basic, nicolae_overflow_quartered_altars, serial_shops,
          nicolae_diamond_shop

Skill      XL: |  1  2  3 |
---------------+----------+-----
Spellcasting   | 5 |  5.3
Necromancy     | 1 |  1.1
Translocations | 3 |  3.0
Short Blades   | |  0.2
Dodging        | |  0.6
Stealth        | |  1.2
Shields        | |  1.5
Conjurations   | |  0.5
Invocations    | |  1.0

Action                     || total
---------------------------++-------
  Melee: Short sword       ||    50
   Cast: Apportation       ||    25
         Magic Dart        ||    44
         Blink             ||     1
         Vampiric Draining ||     1
    Use: Scroll            ||     1
 Armour: Robe              ||    24
  Dodge: Dodged            ||    33
  Block: Buckler           ||     5
